 Dungeon Crawl Stone Soup version 0.23.0-3-gf3c87f2df8 (webtiles) character file.

Game seed: 6636836026572558195

177 PentaManta the Poker (level 5, -11/42 HPs)
             Began as a Merfolk Gladiator on Feb 20, 2019.
             Mangled by an ogre
             ... wielding a cursed -1 giant spiked club
              (24 damage)
             ... on level 4 of the Dungeon.
             The game lasted 00:10:51 (2644 turns).

PentaManta the Poker (Merfolk Gladiator)            Turns: 2644, Time: 00:10:51

Health: -11/42     AC:  5    Str: 15    XL:     5   Next: 57%
Magic:  5/5        EV: 15    Int:  8    God:
Gold:   67         SH:  0    Dex: 15    Spells: 4/4 levels left

rFire    . . .     SeeInvis .   a - +0 trident
rCold    . . .     Gourm    .   (no shield)
rNeg     . . .     Faith    .   b - +0 leather armour
rPois    .         Spirit   .   c - +0 helmet
rElec    .         Reflect  .   g - +0 cloak
rCorr    .         Harm     .   (no gloves)
MR       .....                  (no boots)
Stlth    +.........             (no amulet)
HPRegen  0.14/turn              (no ring)
MPRegen  0.09/turn              (no ring)

@: hasted, very quick
A: change form in water, swift swim, stealthy swim
a: no special abilities


You were on level 4 of the Dungeon.
You were hungry.

You visited 1 branch of the dungeon, and saw 4 of its levels.

You collected 67 gold pieces.

Inventory:

Hand Weapons
 a - a +0 trident (weapon)
Missiles
 d - 3 throwing nets (quivered)
Armour
 b - a +0 leather armour (worn)
 c - a +0 helmet (worn)
 g - a +0 cloak (worn)
 k - a cursed +0 ring mail
Scrolls
 q - 4 scrolls of remove curse
Potions
 h - 2 potions of curing
 i - a potion of heal wounds
 j - a potion of lignification {unknown}
 l - a potion of magic {unknown}
 m - 3 potions of flight {unknown}
 n - a potion of might {unknown}
 o - a potion of degeneration {unknown}
 p - a potion of invisibility {unknown}
Comestibles
 f - 7 rations


   Skills:
 + Level 4.1 Fighting
 * Level 6.4 Polearms
 - Level 2.0 Throwing
 + Level 5.3 Dodging


You had 4 spell levels left.
You didn't know any spells.
Your spell library contained the following spells:

 Spells                   Type           Power        Failure   Level  Hunger
 Confusing Touch          Hex            #.....       47%         1    ##.....
 Confuse                  Hex            #.......     85%         3    ####...
 Gell's Gravitas          Tloc           #.........   85%         3    ####...
 Petrify                  Tmut/Erth      #.......     99%         4    #####..
 Metabolic Englaciation   Hex/Ice        #.........   100%        5    ######.
 Yara's Violent Unravell  Hex/Tmut       #.........   100%        5    ######.


Dungeon Overview and Level Annotations

Branches:
Dungeon (4/15)
 Temple: D:4-7

Altars:

Annotations:
D:4 Blork the orc


Message History

Aim: an ogre, wielding a -1 giant spiked club (severely wounded)
Okay, then.
A magic dart appears from out of thin air!
The magic dart hits you!
Attack whom?
Press: ? - help, Dir - move target cursor, f/p - ogre
Aim: an ogre, wielding a -1 giant spiked club (severely wounded)
You reach to attack!
You hit the ogre but do no damage.
The ogre is severely wounded.
Attack whom?
Press: ? - help, Dir - move target cursor, f/p - ogre
Aim: an ogre, wielding a -1 giant spiked club (severely wounded)
You hit the ogre but do no damage.
The ogre is severely wounded.
Something hits you.
You puncture the ogre!
The ogre is almost dead.
The ogre hits you with a cursed -1 giant spiked club!!
Ouch! That really hurt!
You die...

#((.....# ##.##.#.........
#.##############...#.#.######..
#..# #.......#........# ##.#
#.......#....#...# #.#
#.......#........# #.#
#..............(... #.#
#...$.....###...##... #.#
#...?..[.O###...# ### #.#
#.........@.....# #.#
########.#.##.### #.# #.#.##.#
#.# #......# #.# ###.#######
#.######## #.# #..
#.#......######.# #.#
#.....##........####.####..
###...##########............


You could see an ogre.

Vanquished Creatures
  Terence (D:2)
  An iguana (D:4)
  5 adders
  3 oozes
  2 worms (D:2)
  A dart slug (D:1)
  2 leopard geckos
  4 giant cockroaches
  13 hobgoblins
  3 kobolds
  9 bats
  3 frilled lizards
  6 goblins
  A leopard gecko skeleton (D:4)
  8 rats
62 creatures vanquished.

Notes
Turn   | Place    | Note
-------+----------+-------------------------------------------
     0 | D:1      | PentaManta the Merfolk Gladiator began the quest for the
                  | Orb.
     0 | D:1      | Reached XP level 1. HP: 16/16 MP: 1/1
   182 | D:1      | Reached XP level 2. HP: 23/23 MP: 2/2
   553 | D:1      | Reached XP level 3. HP: 29/29 MP: 3/3
   769 | D:2      | Reached skill level 5 in Polearms
  1069 | D:2      | Reached XP level 4. HP: 35/35 MP: 4/4
  1615 | D:2      | Noticed Terence
  1633 | D:2      | Killed Terence
  1633 | D:2      | Reached skill level 5 in Dodging
  1739 | D:2      | Reached XP level 5. HP: 31/42 MP: 5/5
  1934 | D:3      | Reached skill level 6 in Polearms
  2533 | D:4      | Noticed an ogre
  2600 | D:4      | Noticed Blork the orc
  2644 | D:4      | Mangled by an ogre

Skill      XL: |  1  2  3  4  5 |
---------------+----------------+-----
Fighting       | 3 4 |  4.1
Polearms       | 5 6 |  6.4
Dodging        | 5 |  5.3
Throwing       | |  2.0

Action                   |  1- 3 |  4- 6 || total
-------------------------+-------+-------++-------
Melee: Trident           |    90 |   145 ||   235
  Use: Scroll            |     5 |     3 ||     8
       Potion            |       |     1 ||     1
 Stab: Sleeping          |       |     3 ||     3
  Eat: Chunk             |       |     5 ||     5
Armor: Leather armour    |    38 |    20 ||    58
Dodge: Dodged            |    87 |    76 ||   163
